 Dungeon Sprint DCSS version 0.26-a0-665-gefeb406119 (webtiles) character file.

Game seed: 12999402776768485211

17621 mhtbhm the Brawler (level 12, -2/97 HPs)
             Began as a Red Draconian Transmuter on Oct 15, 2020.
             Was the Champion of Makhleb.
             Slain by a stone giant (39 damage)
             ... in the Dungeon (Sprint IX: "|||||||||||||||||||||||||||||").
             The game lasted 00:05:54 (1950 turns).

mhtbhm the Brawler (Red Draconian Transmuter)       Turns: 1950, Time: 00:05:54

Health: -2/97      AC: 12    Str: 21    XL:     12   Next: 20%
Magic:  21/28      EV: 17    Int: 16    God:    Makhleb [******]
Gold:   809        SH:  0    Dex: 11    Spells: 21/36 levels left

rFire    + . .     SeeInvis .     - Unarmed
rCold    . . .     Faith    .   (shield currently unavailable)
rNeg     . . .     Spirit   .   (armour unavailable)
rPois    .         Reflect  .   (helmet restricted)
rElec    .         Harm     .   l - +0 cloak
rCorr    .         Rampage  .   (gloves currently unavailable)
MR       .....     NoTele   +   k - +0 pair of boots
Stlth    +.........             (no amulet)
HPRegen  0.26/turn              m - +3 ring of strength
MPRegen  0.21/turn              n - +2 ring of protection

@: short of breath, blade hands (expiring), wereblooded (expiring), slowed, very
slow
A: breathe fire, unfitting armour, deterioration 1, fire resistance 1, strong 1,
cold-blooded, AC +8
a: Breathe Fire, End Transformation, Minor Destruction, Lesser Servant of
Makhleb, Major Destruction, Greater Servant of Makhleb, Renounce Religion


You were in the Dungeon.
You worshipped Makhleb.
Makhleb was exalted by your worship.
You had blades for hands.
You visited 1 branch You collected 1940 gold pieces.
You spent 1131 gold pieces at shops.

Inventory:

Armour
 k - a +0 pair of boots (worn)
 l - a +0 cloak (worn)
 v - a +1 cloak of preservation
 w - a +1 pair of boots of rampaging
Jewellery
 m - a +3 ring of strength (left scythe-like blade)
 n - a +2 ring of protection (right scythe-like blade)
 y - an uncursed ring of protection from magic
 z - a +6 ring of dexterity
 A - an uncursed ring of protection from cold
 B - an uncursed ring of see invisible
Wands
 j - a wand of acid (5)
 u - a wand of digging (6)
Scrolls
 g - 3 scrolls of blinking
 h - 4 scrolls of remove curse
 i - 2 scrolls of amnesia
 q - 4 scrolls of identify
 r - 3 scrolls of fear
 s - 2 scrolls of enchant armour
 C - a scroll of fog
Potions
 a - 2 potions of invisibility
 b - 8 potions of curing
 c - 6 potions of heal wounds
 d - 4 potions of haste
 e - 5 potions of magic
 f - a potion of berserk rage
 o - a potion of might
 p - 2 potions of brilliance
 t - a potion of stabbing
 x - a potion of resistance


   Skills:
 + Level 6.6 Fighting
 + Level 10.2 Dodging
 - Level 0.1 Stealth
 + Level 20.3 Unarmed Combat
 + Level 12.6 Spellcasting
 + Level 12.7 Transmutations
 + Level 2.3 Ice Magic
 + Level 4.3 Poison Magic
 + Level 2.1 Invocations
 + Level 1.6 Evocations


You had 21 spell levels left.
You knew the following spells:

 Your Spells              Type           Power        Failure   Level
a - Beastly Appendage     Tmut           ######       5%          1
b - Wereblood             Tmut           ######..     6%          2
c - Spider Form           Tmut/Pois      #####.....   13%         3
d - Ice Form              Ice/Tmut       ####....     26%         4
e - Blade Hands           Tmut           ######....   16%         5

Your spell library contained the following spells:

 Spells                   Type           Power        Failure   Level


Dungeon Overview and Level Annotations

Branches:
Dungeon (1/1)

Altars:
Cheibriados
Dithmenos
Elyvilon
Fedhas
Gozag
Hepliaklqana
Kikubaaqudgha
Makhleb
Nemelex Xobeh
Okawaru
Qazlal
Ru
Sif Muna
Trog
Uskayaw
Vehumet
Wu Jian
Xom
Yredelemnul
Zin
The Shining One
Beogh
Jiyva
Lugonu

Shops:
D [![[


Innate Abilities, Weirdness & Mutations

You can breathe blasts of fire.
Your fiery red scales are hard. (AC +8)
You cannot fit into any form of body armour.
Your flesh is heat resistant. (rF+)
You are cold-blooded and may be slowed by cold attacks.
Your body sometimes deteriorates upon taking damage.
Your muscles are strong. (Str +2)


Message History

You howl as the wereblood boils in your veins!
You hear some strange, mumbled words.
Your body is wracked with pain!
The stone giant throws a large rock.
Really walk into that cloud of freezing vapour?
Okay, then.
Really walk into that cloud of freezing vapour?
You are engulfed in freezing vapours.
* * * LOW HITPOINT WARNING * * *
Something hits you but does no damage.
The stone giant throws a large rock.
Items here: ( ) ††.
You shred something!!! Makhleb accepts your kill.
You feel better.
Reactivating autopickup.
You feel a bit more experienced.
You are engulfed in freezing vapours.
You feel yourself slow down.
Your transformation is almost over.
Your primal bloodlust is almost over.
The stone giant's soul is no longer bound.
The stone giant hits you!!!
You die...

..†÷†.......†.........†).'..[[[[.
▓▓▓▓▓▓▓▓▓▓▓▓▓▓▓▓▓▓▓▓▓▓▓▓▓▓▓▓▓▓▓▓▓
............................)....
▓▓▓▓▓▓▓▓▓▓▓▓▓▓▓▓▓▓▓▓▓▓▓▓▓▓▓▓▓▓▓▓▓
)))))))....)[))))∩.∩.∩.∩)....'...
▓▓▓▓▓▓▓▓▓▓▓▓▓▓▓▓▓▓▓▓▓▓▓▓▓▓▓▓▓▓▓▓▓
.................................
▓▓▓▓▓▓▓▓▓▓▓▓▓▓▓▓▓▓▓▓▓▓▓▓▓▓▓▓▓▓▓▓▓
[[[..........'4°@CoZZ...
▓▓▓▓▓▓▓▓▓▓▓▓▓▓▓▓▓▓▓▓▓▓▓▓


You could see a stone giant, an orc warrior, a wyvern simulacrum, a bat zombie
and a friendly orange demon (summoned).

Vanquished Creatures
  2 dire elephants (D)
  A hydra (D)
  2 centaur warriors (D)
  6 orc high priests (D)
  An unseen horror (D)
  A harpy (shapeshifter) (D)
  A necromancer (D)
  An orc sorcerer (D)
  2 orc knights (D)
  7 elephants (D)
  2 black mambas (D)
  Psyche (D)
  2 cane toads (D)
  A torpor snail (D)
  A rime drake (D)
  A troll (D)
  2 blink frogs (D)
  2 wyverns (D)
  2 yaks (D)
  Eustachio (D)
  A black bear (D)
  8 orc warriors (D)
  A wolf (D)
  A centaur (D)
  2 bullfrogs (D)
  A wight (D)
  10 orc priests (D)
  A hound (D)
  5 orc wizards (D)
  2 worker ants (D)
  An adder (D)
  An ufetubus (D)
  An adder skeleton (D)
  9 orcs (D)
  A bat zombie (D)
  A giant cockroach (D)
  A goblin (D)
  2 hobgoblins (D)
  2 quokkas (D)
  A bat (D)
  A quokka skeleton (D)
92 creatures vanquished.

Vanquished Creatures (collateral kills)
  A cyclops (D)
  An elephant (D)
  A wraith (D)
3 creatures vanquished.

Grand Total: 95 creatures vanquished

Notes
Turn   | Place    | Note
-------+----------+-------------------------------------------
     0 | D        | mhtbhm the Draconian Transmuter began the quest for the
                  | Orb.
     0 | D        | Reached XP level 1. HP: 16/16 MP: 3/3
     3 | D        | Banished a spatial maelstrom
    25 | D        | Reached skill level 4 in Unarmed Combat
   147 | D        | Noticed a hound
   154 | D        | Reached XP level 2. HP: 15/23 MP: 3/5
   158 | D        | Reached skill level 5 in Unarmed Combat
   168 | D        | Reached skill level 6 in Unarmed Combat
   168 | D        | Reached XP level 3. HP: 13/28 MP: 3/7
   182 | D        | Learned a level 2 spell: Wereblood
   186 | D        | Learned a level 3 spell: Spider Form
   187 | D        | Found a roughly hewn altar of Beogh.
   187 | D        | Found a snail-covered altar of Cheibriados.
   187 | D        | Found a shadowy altar of Dithmenos.
   187 | D        | Found a white marble altar of Elyvilon.
   187 | D        | Found a blossoming altar of Fedhas.
   187 | D        | Found an opulent altar of Gozag.
   188 | D        | Found a hazy altar of Hepliaklqana.
   189 | D        | Found a viscous altar of Jiyva.
   190 | D        | Found an ancient bone altar of Kikubaaqudgha.
   191 | D        | Found a corrupted altar of Lugonu.
   192 | D        | Found a burning altar of Makhleb.
   193 | D        | Found a sparkling altar of Nemelex Xobeh.
   194 | D        | Found an iron altar of Okawaru.
   195 | D        | Found a stormy altar of Qazlal.
   196 | D        | Found a sacrificial altar of Ru.
   197 | D        | Found a shimmering blue altar of Sif Muna.
   198 | D        | Found a bloodstained altar of Trog.
   199 | D        | Found a hide-covered altar of Uskayaw.
   200 | D        | Found a radiant altar of Vehumet.
   201 | D        | Found an ornate altar of the Wu Jian Council.
   202 | D        | Found a shimmering altar of Xom.
   203 | D        | Found a basalt altar of Yredelemnul.
   204 | D        | Found a glowing silver altar of Zin.
   214 | D        | Became a worshipper of Makhleb the Destroyer
   220 | D        | Found a glowing golden altar of the Shining One.
   416 | D        | Noticed a centaur
   424 | D        | Killed a centaur
   424 | D        | Reached * piety under Makhleb
   424 | D        | Reached skill level 7 in Unarmed Combat
   424 | D        | Reached XP level 4. HP: 23/36 MP: 3/10
   427 | D        | Reached skill level 8 in Unarmed Combat
   427 | D        | Reached XP level 5. HP: 27/42 MP: 3/12
   433 | D        | Reached ** piety under Makhleb
   584 | D        | Learned a level 4 spell: Ice Form
   590 | D        | Noticed a yaktaur
   590 | D        | Noticed a centaur warrior
   591 | D        | Reached skill level 5 in Spellcasting
   592 | D        | Noticed a harpy
   592 | D        | a yaktaur changed into a harpy
   594 | D        | Killed a harpy
   594 | D        | Reached skill level 5 in Dodging
   594 | D        | Reached skill level 11 in Unarmed Combat
   594 | D        | Reached skill level 1 in Ice Magic
   594 | D        | Reached skill level 1 in Poison Magic
   594 | D        | Reached XP level 6. HP: 51/51 MP: 6/15
   594 | D        | Your scales start taking on a fiery red colour.
   594 | D        | Reached XP level 7. HP: 57/57 MP: 6/16
   594 | D        | Gained mutation: Your flesh is heat resistant. (rF+) [Red
                  | Draconian growth]
   600 | D        | Killed a centaur warrior
   600 | D        | Reached skill level 12 in Unarmed Combat
   600 | D        | Reached XP level 8. HP: 37/66 MP: 7/19
   602 | D        | Reached *** piety under Makhleb
   607 | D        | Killed an unseen horror
   607 | D        | Reached skill level 13 in Unarmed Combat
   796 | D        | Learned a level 5 spell: Blade Hands
   906 | D        | Noticed a cane toad
   906 | D        | Noticed a cane toad
   906 | D        | Noticed a black mamba
   907 | D        | Noticed an eight-headed hydra
   910 | D        | Killed a cane toad
   910 | D        | Reached XP level 9. HP: 72/72 MP: 12/21
   912 | D        | Killed a cane toad
   912 | D        | Reached **** piety under Makhleb
   913 | D        | Noticed a rime drake
   914 | D        | Reached skill level 14 in Unarmed Combat
   916 | D        | Killed a black mamba
   916 | D        | Reached skill level 5 in Fighting
   918 | D        | Killed a ten-headed hydra
   919 | D        | Reached ***** piety under Makhleb
   919 | D        | Reached skill level 15 in Unarmed Combat
   924 | D        | Killed a rime drake
   924 | D        | Reached skill level 10 in Transmutations
   924 | D        | Reached XP level 10. HP: 42/81 MP: 14/23
  1119 | D        | Noticed an elephant
  1119 | D        | Noticed a torpor snail
  1119 | D        | Noticed an elephant
  1121 | D        | Killed an elephant
  1122 | D        | Noticed a black mamba
  1125 | D        | Killed a torpor snail
  1133 | D        | Killed an elephant
  1136 | D        | Reached skill level 16 in Unarmed Combat
  1138 | D        | Reached skill level 10 in Spellcasting
  1140 | D        | Killed a black mamba
  1141 | D        | Reached ****** piety under Makhleb
  1190 | D        | Noticed an elephant
  1190 | D        | Noticed an elephant
  1190 | D        | Noticed an elephant
  1190 | D        | Noticed an elephant
  1190 | D        | Noticed a dire elephant
  1190 | D        | Noticed an elephant
  1192 | D        | Noticed a dire elephant
  1194 | D        | Killed an elephant
  1198 | D        | Killed an elephant
  1198 | D        | Reached skill level 1 in Evocations
  1202 | D        | Killed a dire elephant
  1202 | D        | Reached skill level 17 in Unarmed Combat
  1205 | D        | Killed an elephant
  1205 | D        | Reached skill level 1 in Invocations
  1205 | D        | Reached XP level 11. HP: 79/89 MP: 15/25
  1210 | D        | Killed a dire elephant
  1384 | D        | Noticed Psyche
  1390 | D        | Killed Psyche
  1390 | D        | Reached skill level 18 in Unarmed Combat
  1515 | D        | Noticed an orc knight
  1515 | D        | Noticed an orc sorcerer
  1517 | D        | Killed an orc knight
  1520 | D        | Noticed an orc knight
  1521 | D        | Killed an orc sorcerer
  1535 | D        | Killed an orc knight
  1550 | D        | Found Roibbah's Armour Emporium.
  1550 | D        | Noticed an orc high priest
  1550 | D        | Noticed an orc high priest
  1550 | D        | Noticed an orc high priest
  1553 | D        | Killed an orc high priest
  1554 | D        | Noticed an orc high priest
  1556 | D        | Killed an orc high priest
  1556 | D        | Reached skill level 19 in Unarmed Combat
  1561 | D        | Found Gauhookk's Distillery.
  1563 | D        | Killed an orc high priest
  1568 | D        | Noticed a soul eater
  1568 | D        | Found Ximealuts's Armour Emporium.
  1570 | D        | Noticed an orc high priest
  1573 | D        | Killed an orc high priest
  1577 | D        | Noticed an orc high priest
  1583 | D        | Noticed a soul eater
  1584 | D        | Noticed a sixfirhy
  1587 | D        | Killed an orc high priest
  1587 | D        | Reached skill level 10 in Dodging
  1587 | D        | Reached XP level 12. HP: 82/97 MP: 20/28
  1588 | D        | Found Qaleufez's Antique Armour Shoppe.
  1592 | D        | Killed an orc high priest
  1639 | D        | Bought a +1 cloak of preservation for 231 gold pieces
  1743 | D        | Bought a +1 pair of boots of rampaging for 198 gold pieces
  1749 | D        | Bought a potion of heal wounds for 65 gold pieces
  1749 | D        | Bought a potion of haste for 130 gold pieces
  1749 | D        | Bought a potion of curing for 39 gold pieces
  1749 | D        | Bought a potion of magic for 104 gold pieces
  1749 | D        | Bought a potion of haste for 130 gold pieces
  1749 | D        | Bought a potion of invisibility for 104 gold pieces
  1749 | D        | Bought a potion of resistance for 130 gold pieces
  1820 | D        | Noticed Eustachio
  1831 | D        | Killed Eustachio
  1912 | D        | Gained mutation: Your body sometimes deteriorates upon
                  | taking damage. [potion of mutation]
  1912 | D        | Gained mutation: Your muscles are strong. (Str +2) [potion
                  | of mutation]
  1924 | D        | Noticed a centaur warrior
  1927 | D        | Reached skill level 20 in Unarmed Combat
  1930 | D        | Killed a centaur warrior
  1934 | D        | Noticed a stone giant
  1950 | D        | Slain by a stone giant

Illustrated notes

Levels and vault maps discovered:
D:        linesprint [early_d, line_temple, items_1, d_10, items_2, lair_1,
          lair_end, items_3, orc_1, orc_end, items_4, d_15, swamp_1, shoals_1,
          snake_1, spider_1, d_20, vaults_1, items_5, swamp_end, shoals_end,
          snake_end, spider_end, vaults_end, d_27, items_6, zot_1, zot_end,
          crypt_end, forest_end, elf_end, slime_end, tomb_end, abyss_end,
          pan_hell_end]

Skill      XL: |  1  2  3  4  5  6  7  8  9 10 11 12 |
---------------+-------------------------------------+-----
Unarmed Combat | 4 6 7 8 11 12 13 15 17 19 20 | 20.3
Dodging        | 2 3 4 5 6 7 8 9 10 | 10.2
Spellcasting   | 3 4 6 7 8 9 10 12 | 12.6
Transmutations | 3 4 6 7 8 10 11 12 | 12.7
Fighting       | 2 3 4 5 6 |  6.6
Ice Magic      | 1 2 |  2.3
Poison Magic   | 1 2 3 4 |  4.3
Evocations     | 1 |  1.6
Invocations    | 1 2 |  2.1
Stealth        | |  0.1

Action                   |  1- 3 |  4- 6 |  7- 9 | 10-12 || total
-------------------------+-------+-------+-------+-------++-------
Melee: Unarmed           |    55 |    11 |    27 |   137 ||   230
       Tailslap          |     3 |       |       |    16 ||    19
       Headbutt          |     1 |       |       |       ||     1
       Kick              |     3 |       |       |       ||     3
       Punch             |     1 |       |     2 |     8 ||    11
 Cast: Beastly Appendage |     4 |       |       |       ||     4
       Wereblood         |     2 |     1 |     1 |     8 ||    12
       Spider Form       |     1 |       |       |     1 ||     2
       Ice Form          |       |     1 |       |       ||     1
       Blade Hands       |       |       |     1 |    10 ||    11
Invok: Lesser Servant of |       |       |       |     2 ||     2
 Abil: Breathe Fire      |       |       |       |     2 ||     2
       End Transformatio |       |       |       |     1 ||     1
Evoke: Wand              |       |       |     1 |     4 ||     5
  Use: Potion            |     1 |       |       |     2 ||     3
 Stab: Distracted        |       |       |       |     1 ||     1
Armor: Skin              |    13 |     1 |     7 |    22 ||    43
Dodge: Dodged            |    44 |     6 |     6 |    63 ||   119

Table legend: (Time is in decaauts)
 A = Elapsed time spent in this place.
 B = Non-inter-level travel time spent in this place.
 C = Inter-level travel time spent in this place.
 D = Time resting spent in this place.
 E = Time spent auto-exploring this place.
 F = Levels seen in this place.
 G = Mean time per level.
                   A        B        C        D        E       F      G
               +--------+--------+--------+--------+--------+-----+--------+
         Total |   1893 |   1893 |      0 |    886 |    205 |   1 | 1893.0 |
       Dungeon |   1893 |   1893 |      0 |    886 |    205 |   1 | 1893.0 |
               +--------+--------+--------+--------+--------+-----+--------+

Top non-repeatable levels by time:
       D: 1893 daAuts
